 Dungeon Crawl Stone Soup version 0.17.1-3-g152610e (webtiles) character file.

79 Gargoyl the Skirmisher (level 4, 0/55 HPs)
             Began as a Demonspawn Abyssal Knight on Mar 20, 2016.
             Was a Believer of Lugonu.
             Succumbed to an adder's poison
             ... on level 2 of the Dungeon.
             The game lasted 00:05:15 (1828 turns).

Gargoyl the Skirmisher (Demonspawn Abyssal Knight)  Turns: 1828, Time: 00:05:15

Health: 0/55       AC: 22    Str: 13    XL:     4   Next: 17%
Magic:  5/5        EV:  2    Int: 14    God:    Lugonu [**....]
Gold:   33         SH: 10    Dex: 12    Spells: 0 memorised, 3 levels left

rFire  + . .     SeeInvis .     a - +1 hand axe
rCold  . . .     Clarity  .     (armour currently unavailable)
rNeg   + + +     SustAt   .     b - +0 large shield
rPois  +         Gourm    .     (helmet currently unavailable)
rElec  .         Spirit   .     (cloak currently unavailable)
rCorr  .         Warding  .     (gloves currently unavailable)
rMut   .         NoTele   +     (boots currently unavailable)
MR     .....                    (no amulet)
Stlth  +.........               (no ring)
                                h - ring of protection from fire

@: lethally poisoned (0 -> -2), tree-form, not resistant to hostile
enchantments, very unstealthy
A: (antennae 0), (hooves 0)
a: Depart the Abyss, Bend Space, Renounce Religion


You were on level 2 of the Dungeon.
You worshipped Lugonu.
Lugonu was pleased with you.
You were not hungry.
You were a tree.
You visited 1 branch of the dungeon, and saw 2 of its levels.
You visited the Abyss 1 time.

You collected 33 gold pieces.

Inventory:

Hand Weapons
 a - a +1 hand axe (weapon)
Armour
 b - a +0 large shield (worn)
 e - a +0 ring mail (melded)
 f - a +0 cloak (melded)
Jewellery
 h - a ring of protection from fire (left branch)
Scrolls
 d - 2 scrolls of recharging {unknown}
Comestibles
 c - a bread ration


   Skills:
 + Level 3.9 Fighting
 + Level 2.2 Axes
 + Level 2.1 Armour
 + Level 1.6 Dodging
 + Level 0.6 Shields
 + Level 2.6 Invocations


You had 3 spell levels left.
You didn't know any spells.

Dungeon Overview and Level Annotations

Branches:
Dungeon (2/15)

Altars:
Dithmenos
Gozag
Trog
Zin


Innate Abilities, Weirdness & Mutations

((You have a pair of small antennae on your head.))
((You have large cloven feet.))


Message History

* * * LOW HITPOINT WARNING * * *
You block the adder's attack.
You slash the adder!
You kill the adder!
Lugonu accepts your kill.
* * * LOW HITPOINT WARNING * * *
You feel sick.
You see here an adder corpse.
* * * LOW HITPOINT WARNING * * *
You feel sick.
Drink which item? (? for menu, Esc to quit)
It was a potion of lignification.
You turn into a tree.
Your +0 cloak melds into your body.
Your +0 ring mail melds into your body.
Your roots penetrate the ground.
You cannot move.
You cannot move.
You cannot move.
You cannot move.
You cannot move.
You die...

#.##.......#.##....#
#.........##.##...##
#.#######.##.######
#.......#.##.#
#.....#.#.##.#
#####.#.#.##.#
#...#.#.#.##.#
###.#.#.#.##.########.#
###.#.#.#.##...†♣.....#
#......<# ############
....#.#.# ###.#.#.#
....#.# # ### ....#.#
..# #### ....#.# #.#
..... )..##.# #.# .....
...# .# ###.#......


There were no monsters in sight!

Vanquished Creatures
  3 adders (D:2)
  2 oozes
  2 giant geckos
  A giant cockroach (D:2)
  5 hobgoblins
  2 jackals (D:1)
  A ball python (D:1)
  7 bats
  2 giant newts (D:1)
  3 goblins
  8 kobolds (D:1)
  7 rats (D:1)
43 creatures vanquished.

Notes
Turn   | Place    | Note
--------------------------------------------------------------
     0 | Abyss:1  | Gargoyl the Demonspawn Abyssal Knight began the quest for the Orb.
     0 | Abyss:1  | Reached XP level 1. HP: 18/18 MP: 2/2
    74 | Abyss:1  | Noticed a storm dragon skeleton
    87 | Abyss:1  | Noticed a blue devil
    90 | D:1      | Escaped the Abyss
   101 | D:1      | Reached * piety under Lugonu
   356 | D:1      | Gained mutation: You have large cloven feet. [demonic ancestry]
   356 | D:1      | Reached XP level 2. HP: 24/24 MP: 3/3
   720 | D:1      | Reached skill level 1 in Dodging
   868 | D:1      | Reached XP level 3. HP: 18/29 MP: 4/4
  1082 | D:1      | Reached ** piety under Lugonu
  1409 | D:2      | Found a shadowy altar of Dithmenos.
  1456 | D:2      | Found a bloodstained altar of Trog.
  1696 | D:2      | Found a glowing silver altar of Zin.
  1762 | D:2      | Found an opulent altar of Gozag.
  1768 | D:2      | Gained mutation: You have a pair of small antennae on your head. [demonic ancestry]
  1768 | D:2      | Reached XP level 4. HP: 34/37 MP: 5/5
  1826 | D:2      | HP: 1/37 [poisoned by an adder]
  1828 | D:2      | Succumbed to an adder's poison

Action                   |  1- 3 |  4- 6 || total
-------------------------+-------+-------++-------
Melee: Hand axe          |   141 |    23 ||   164
Invok: Depart the Abyss  |     1 |       ||     1
  Use: Potion            |       |     1 ||     1
  Eat: Chunk             |     3 |       ||     3
